 Dungeon Crawl Stone Soup version 0.31-a0-246-g8cbcc1cb85 (webtiles) character file.

Game seed: 9578475687058187895

65 spiderkeys the Poker (level 3, -1/42 HPs)
             Began as a Demonspawn Gladiator on July 12, 2023.
             Was a Follower of Trog.
             Slain by a goblin
             ... wielding a +0 dagger of speed
              (2 damage)
             ... on level 2 of the Dungeon.
             The game lasted 00:01:43 (910 turns).

spiderkeys the Poker (Demonspawn Gladiator)          Turns: 910, Time: 00:01:45

Health: -1/42      AC:  5    Str: 16    XL:     3   Next: 94%
Magic:  3/3        EV: 12    Int:  9    God:    Trog [*.....]
Gold:   84         SH:  0    Dex: 16    Spells: 2/2 levels left

rFire   . . .        a - +0 trident
rCold   . . .        (no shield)
rNeg    . . .        b - +0 leather armour
rPois   .            c - +0 helmet
rElec   .            (no cloak)
rCorr   .            o - +0 pair of gloves
SInv    +            (no boots)
Will    .....        (no amulet) Stlth
                     v - ring of see invisible
HPRegen 0.27/turn    (no ring)
MPRegen 0.08/turn

%: no passive effects
@: berserking, lethally poisoned (-1 -> -2), very quick
A: thin skeletal structure 1
a: Renounce Religion, Berserk


You were on level 2 of the Dungeon.
You worshipped Trog.
Trog was aware of your devotion.
You visited 1 branch of the dungeon, and saw 2 of its levels.

You collected 84 gold pieces.


Innate Abilities, Weirdness & Mutations

You have a somewhat thin skeletal structure. (Dex +2, Stealth+)


   Skills:
 + Level 2.9 Fighting
 + Level 3.3 Polearms
 - Level 2.0 Throwing
 + Level 0.7 Armour
 - Level 3.1 Dodging


You had 2 spell levels left.
You didn't know any spells.
Your spell library contained the following spells:

 Spells                   Type           Power      Damage    Failure   Level
 Vhi's Electric Charge    Tloc/Air       0%         N/A       83%         3
 Arcjolt                  Conj/Air       0%         1d10      100%        5
 Iskenderun's Battlesphe  Conj           0%         2d6       100%        5
 Leda's Unmaking          Conj/Erth      0%         9d1       100%        6
 Spellforged Servitor     Conj/Summ      0%         N/A       100%        7
 Maxwell's Capacitive Co  Air            0%         ∞         100%        8

Inventory:

Hand Weapons
 a - a +0 trident (weapon)
Missiles
 d - 3 throwing nets (quivered) {=f!f}
 e - a javelin
 g - 9 stones
 t - 2 poisoned darts
Armour
 b - a +0 leather armour (worn)
 c - a +0 helmet (worn)
 h - a +0 robe
   (You found it on level 1 of the Dungeon)
 k - a +0 ring mail
   (You found it on level 1 of the Dungeon)
 m - a +0 ring mail
   (You found it on level 1 of the Dungeon)
 n - a +0 ring mail
   (You found it on level 1 of the Dungeon)
 o - a +0 pair of gloves (worn)
   (You found it on level 1 of the Dungeon)
Magical Staves
 f - a staff of fire {!a}
   (You found it on level 1 of the Dungeon)
Jewellery
 v - a ring of see invisible (left hand)
   (You found it on level 1 of the Dungeon)
Scrolls
 i - a scroll of enchant armour {unknown}
 l - a scroll of blinking {unknown}
 p - 3 scrolls of teleportation {unknown}
 q - a scroll of identify {unknown}
 s - a scroll of fog {unknown}
Potions
 j - a potion of mutation {unknown}
 r - a potion of cancellation {unknown}

Dungeon Overview and Level Annotations

Branches:
Dungeon (2/15) Zot: 11076

Altars:
Trog

#.# #. #...# #.# #.#
###.. #.# ..# ## #.#
..###### ##'#####
..#...#
#......######.....####
#......#.....r........
#......#....ggwg......
#......'.....@#.......
#......#..)...#?......
#......#..†...+.......
#......#†.....####....
#......#...$..# ....
#......#......# ...
########......# ..
.......# .....####


You could see a dart slug, a hobgoblin, 2 goblins and a rat.


Message History

A hobgoblin is nearby!
A hobgoblin is nearby!
A hobgoblin is nearby!
The hobgoblin shouts!
An adder comes into view.
The adder hisses angrily.
A goblin comes into view. It is wielding a +0 dagger.
A dart slug comes into view.
A goblin and a rat come into view.
The goblin is wielding a +0 dagger of speed.
The goblin shouts!
The dart slug launches a dart at you. The slug dart misses you.
You hit the goblin but do no damage. The hobgoblin barely misses you.
The goblin hits you but does no damage.
You barely miss the adder. The hobgoblin closely misses you.
The adder bites you but does no damage. The goblin hits you but does no damage.
The hobgoblin hits you. 😕 HP[-4]
You take 4 damage, and now have 24/28 hp.
You miss the adder. The adder bites you but does no damage.
The dart slug launches a dart at you. The slug dart misses you.
The adder bites you but does no damage. The hobgoblin closely misses you.
The goblin hits you but does no damage. x2
You miss the adder. The adder misses you.
The goblin hits you but does no damage. The hobgoblin hits you.
The goblin hits you but does no damage. The dart slug launches a dart at you.
The slug dart hits you.
The goblin hits you but does no damage. 😮 HP[-5]
You take 5 damage, and now have 19/28 hp.
You are too injured to fight recklessly!
You are too injured to fight recklessly!
You are too injured to fight recklessly!
The adder attacks as you move away! The adder barely misses you.
The goblin attacks as you move away! The goblin misses you.
The adder bites you. 😮 HP[-3]
You take 3 damage, and now have 16/28 hp.
You miss the adder. The adder misses you. The goblin hits you with a +0 dagger.
You hit the adder. The adder bites you.
* * * LOW HITPOINT WARNING * * *
The goblin hits you but does no damage. The adder closely misses you. 😨 HP[-2]
You take 2 damage, and now have 14/28 hp.
You barely miss the adder.
The goblin hits you with a +0 dagger of speed.
* * * LOW HITPOINT WARNING * * *
The goblin misses you. The adder completely misses you.
The goblin completely misses you. 😨 HP[-3]
You take 3 damage, and now have 11/28 hp.
You puncture the adder! The adder closely misses you.
The goblin closely misses you. The goblin misses you.
You completely miss the adder. The adder closely misses you.
The goblin closely misses you. The goblin barely misses you.
The adder bites you but does no damage. The goblin closely misses you. 😨 HP[+1]
You barely miss the adder. The goblin barely misses you.
The goblin closely misses you. The adder bites you but does no damage.
The goblin hits you but does no damage. The goblin barely misses you.
A red film seems to cover your vision as you go berserk!
You feel yourself moving faster!
You feel mighty! The adder bites you.
* * * LOW HITPOINT WARNING * * *
The goblin closely misses you. The adder completely misses you.
The goblin barely misses you.
The goblin hits you but does no damage. 😨 HP[+3]
You now have 42 max hp (+14).
You regained 3 hp, and now have 15/42 hp.
You closely miss the adder. The adder bites you.
* * * LOW HITPOINT WARNING * * *
You are poisoned.
The adder poisons you!
The goblin hits you with a +0 dagger of speed.
* * * LOW HITPOINT WARNING * * *
😨 HP[-3]
You take 3 damage, and now have 12/42 hp.
You miss the adder.
You feel sick. The goblin hits you with a +0 dagger.
* * * LOW HITPOINT WARNING * * *
The adder bites you but does no damage.
The goblin hits you but does no damage. 😱 HP[-3]
You take 3 damage, and now have 9/42 hp.
You barely miss the adder.
You feel sick. The goblin hits you with a +0 dagger.
* * * LOW HITPOINT WARNING * * *
The goblin hits you but does no damage. The adder misses you. 😱 HP[-3]
You take 3 damage, and now have 6/42 hp.
You hit the adder.
You kill the adder!
Trog accepts your kill.
You feel sick. The goblin hits you but does no damage.
The goblin hits you with a +0 dagger.
* * * LOW HITPOINT WARNING * * *
😱 HP[-4]
You take 4 damage, and now have 2/42 hp.
You completely miss the goblin.
* * * LOW HITPOINT WARNING * * *
You feel sick.
The goblin hits you with a +0 dagger of speed.
You die...

Skill      XL: |  1  2 |
---------------+-------+-----
Throwing       | 2 |  2.0
Polearms       | 3 |  3.3
Dodging        | 3 |  3.1
Fighting       | |  2.9
Armour         | |  0.7

Action                     || total
---------------------------++-------
  Melee: Trident           ||    95
 Invoke: Berserk           ||     1
   Stab: Sleeping          ||     5
 Armour: Leather armour    ||    41
  Dodge: Dodged            ||    64

Levels and vault maps discovered:
D:1:      lemuel_arrival_rhombus, layout_rooms,
          hellmonk_ecumenical_altar_inner_sanctum, minmay_misc_feat_rows,
          serial_park_tiny_2
D:2:      layout_basic, hangedman_decor_slide_cut, uniq_sigmund

Notes
Turn   | Place    | Note
-------+----------+-------------------------------------------
     0 | D:1      | spiderkeys the Demonspawn Gladiator began the quest for the
                  | Orb.
     0 | D:1      | Reached XP level 1. HP: 16/16 MP: 1/1
     0 | D:1      | magus.rc [v1.11.3]
    74 | D:1      | HP: 3/16 [quokka (4)]
    81 | D:1      | HP: 4/16 [quokka (1)]
    83 | D:1      | Reached skill level 2 in Throwing
    83 | D:1      | Gained mutation: You have a somewhat thin skeletal
                  | structure. (Dex +2, Stealth+) [demonic ancestry]
    83 | D:1      | Reached XP level 2. HP: 6/22 MP: 2/2
   164 | D:1      | You add the spells Vhi's Electric Charge, Arcjolt and
                  | Maxwell's Capacitive Coupling to your library.
   395 | D:1      | Reached skill level 3 in Polearms
   448 | D:1      | Reached skill level 3 in Dodging
   653 | D:1      | Found a faded altar of an unknown god.
   656 | D:1      | Prayed at the altar of an unknown god.
   656 | D:1      | Became a worshipper of Trog the Wrathful
   656 | D:1      | Reached * piety under Trog
   683 | D:2      | Reached XP level 3. HP: 28/28 MP: 3/3
   721 | D:2      | You pick up a book of Power {forbidden} and begin
                  | reading...
   721 | D:2      | You add the spells Iskenderun's Battlesphere, Leda's
                  | Unmaking and Spellforged Servitor to your library.
   907 | D:2      | HP: 9/42 [goblin/+0 dagger (2)]
   909 | D:2      | HP: 2/42 [goblin/+0 dagger (3)]
   910 | D:2      | Slain by a goblin

Vanquished Creatures
  3 adders (D:2)
  A worm (D:2)
  2 dart slugs (D:1)
  2 ball pythons (D:1)
  5 endoplasms (D:1)
  A goblin (D:1)
  3 hobgoblins (D:1)
  3 kobolds
  A quokka (D:1)
  4 bats
  4 frilled lizards
  A rat (D:1)
30 creatures vanquished.

Table legend:
 A = Non-vault XP
 B = Vault XP
 C = Vault XP percentage of total XP
 D = Non-vault monster count
 E = Vault monster count
 F = Vault count percentage of total count
                 A         B        C        D         E       F
            +---------+---------+-------+---------+---------+-------
      Total |      94 |       0 |   0.0 |      30 |       0 |   0.0
            +---------+---------+-------+---------+---------+-------
        D:1 |      39 |       0 |   0.0 |      20 |       0 |   0.0
        D:2 |      55 |       0 |   0.0 |      10 |       0 |   0.0
            +---------+---------+-------+---------+---------+-------

Skill      XL: |  1  2 |
---------------+-------+-----
Throwing       | 2 |  2.0
Polearms       | 3 |  3.3
Dodging        | 3 |  3.1
Fighting       | |  2.9
Armour         | |  0.7

Action                     || total
---------------------------++-------
  Melee: Trident           ||    95
 Invoke: Berserk           ||     1
   Stab: Sleeping          ||     5
 Armour: Leather armour    ||    41
  Dodge: Dodged            ||    64

Illustrated notes

Table legend:
 A = Kills in this place as a percentage of kills in the entire game.
 B = Kills by you in this place as a percentage of kills by you in the entire game.
 C = Kills by friends in this place as a percentage of kills by friends in the entire game.
 D = Other kills in this place as a percentage of other kills in the entire game.
 E = Experience gained in this place as a percentage of experience gained in the entire game.
 F = Experience gained in this place divided by the number of levels of this place that you have seen.
                   A       B       C       D       E      F
               +-------+-------+-------+-------+-------+----------------------
         Total | 100.0 | 100.0 |   N/A |   N/A | 100.0 |  47.0
       Dungeon | 100.0 | 100.0 |   N/A |   N/A | 100.0 |  47.0
               +-------+-------+-------+-------+-------+----------------------

Table legend: (Time is in decaauts)
 A = Elapsed time spent in this place.
 B = Non-inter-level travel time spent in this place.
 C = Inter-level travel time spent in this place.
 D = Time resting spent in this place.
 E = Time spent auto-exploring this place.
 F = Levels seen in this place.
 G = Mean time per level.
                   A        B        C        D        E       F      G
               +--------+--------+--------+--------+--------+-----+--------+
         Total |    922 |    903 |     19 |      0 |    684 |   2 |  461.0 |
       Dungeon |    922 |    903 |     19 |      0 |    684 |   2 |  461.0 |
               +--------+--------+--------+--------+--------+-----+--------+

Top non-repeatable levels by time:
     D:1: 685 daAuts
     D:2: 237 daAuts
